 Dungeon Crawl Stone Soup version 0.20.1-1-g8b1a95d (webtiles) character file.

607 Lanoc the Changer (level 7, -4/46 HPs)
             Began as an Octopode Transmuter on Dec 3, 2017.
             Was an Initiate of Ru.
             Slain by a centaur (5 damage)
             ... on level 5 of the Dungeon.
             The game lasted 00:25:34 (5550 turns).

Lanoc the Changer (Octopode Transmuter)             Turns: 5550, Time: 00:25:35

Health: -4/46      AC:  2    Str: 11    XL:     7   Next: 43%
Magic:  8/11       EV: 14    Int: 16    God:    Ru [......]
Gold:   228        SH:  0    Dex: 12    Spells: 6/12 levels left

rFire    x . .     SeeInvis .     - Unarmed
rCold    + . .     Gourm    .   (no shield)
rNeg     . . .     Faith    .   (helmet restricted)
rPois    .         Spirit   .   (no amulet)
rElec    .         Reflect  .   r - ring of ice
rCorr    .         Harm     .   s - +1 ring of protection
MR       .....                  (no ring)
Stlth    +++.......             (no ring)
Regen    0.2/turn               (no ring)
MPRegen  0.2/turn               (no ring)
                                (no ring)
                                (no ring)

@: lethally poisoned (-4 -> -13)
A: almost no armour, stealthy swim, amphibious, 8 rings, constrict 8, camouflage
1, gelatinous body 1
a: Renounce Religion


You were on level 5 of the Dungeon.
You worshipped Ru.
Ru was noncommittal.
You were hungry.

You visited 2 branches of the dungeon, and saw 6 of its levels.

You collected 228 gold pieces.

Inventory:

Missiles
 a - 42 arrows
 g - 2 throwing nets (quivered)
Jewellery
 r - a ring of ice (left tentacle)
 s - a +1 ring of protection (right tentacle)
Scrolls
 e - a scroll of remove curse
 j - 2 scrolls of teleportation
 k - 2 scrolls of identify
 m - 2 scrolls of enchant weapon
 n - 2 scrolls of fog
Potions
 f - a potion of haste {unknown}
 h - 2 potions of brilliance
 i - 2 potions of invisibility
 l - a potion of cancellation
 p - a potion of flight
 q - a potion of curing {unknown}
 t - 2 potions of mutation {unknown}
Books
 b - a book of Changes

   Spells                             Type                      Level
   a - Beastly Appendage              Transmutation                1
   b - Sticks to Snakes               Transmutation                2
   c - Spider Form                    Transmutation/Poison         3
   d - Ice Form                       Ice/Transmutation            4
   e - Blade Hands                    Transmutation                5
Comestibles
 c - 3 bread rations
 d - a royal jelly


   Skills:
 + Level 3.2 Fighting
 + Level 3.3 Dodging
 + Level 3.5 Stealth
 * Level 4.4 Unarmed Combat
 + Level 3.0 Spellcasting
 * Level 4.5 Transmutations


You had 6 spell levels left.
You knew the following spells:

 Your Spells              Type           Power        Failure   Level  Hunger
a - Beastly Appendage     Tmut           ###...       3%          1    #......
b - Sticks to Snakes      Tmut           ###.....     4%          2    ##.....
c - Spider Form           Tmut/Pois      #.........   22%         3    ###....


Dungeon Overview and Level Annotations

Branches:
Dungeon (5/15)             Temple (1/1) D:4

Altars:
Cheibriados
Dithmenos
Elyvilon
Gozag
Hepliaklqana
Kikubaaqudgha
Makhleb
Nemelex Xobeh
Okawaru
Ru
Sif Muna
Trog
Uskayaw
Yredelemnul
Zin
The Shining One

Shops:
D:4 (


Innate Abilities, Weirdness & Mutations

You cannot wear most types of armour.
You are very stealthy in the water. (Stealth+)
You are amphibious.
You can wear up to eight rings at the same time.
You can use your tentacles to constrict eight enemies at once.
Your skin changes colour to match your surroundings (Stealth+).
Your rubbery body absorbs attacks. (AC +1, EV +1)


Message History

* * * LOW HITPOINT WARNING * * *
The centaur hits you.
* * * LOW HITPOINT WARNING * * *
Casting: Beastly Appendage
Confirm with . or Enter, or press ? or * to list all spells.
You turn into a venomous arachnid creature.
The adder bites you.
* * * LOW HITPOINT WARNING * * *
You are lethally poisoned!
The adder poisons you!
The centaur hits you but does no damage.
You feel strangely stable.
Your magical effects are unravelling.
You feel magically purged.
Your transformation has ended.
* * * LOW HITPOINT WARNING * * *
You feel sick. The centaur closely misses you. The adder bites you.
* * * LOW HITPOINT WARNING * * *
The centaur hits you.
You die...

.... ..>.........#
... %#...........#
#.##.##..........#
#..........##.#..#
#..#.# #..#.#
..#####..#.#
.........#.#
..######@#.#
.......Sc#.#####.
.................
..#####..#.##.###
#..#.##.#
#..#.##.#
#..#.##.#
#..#.##.#
.#####..#.##.#


You could see a centaur and an adder.

Vanquished Creatures
  An ogre (D:4)
  A bullfrog (D:4)
  A hound (D:4)
  An orc wizard (D:4)
  2 orc priests
  A worker ant (D:4)
  13 gnolls
  7 adders
  3 oozes
  A worm (D:2)
  3 dart slugs
  2 leopard geckos (D:1)
  4 orcs
  4 giant cockroaches
  19 goblins
  5 hobgoblins
  8 jackals
  2 quokkas (D:2)
  2 ball pythons
  5 bats
  6 frilled lizards
  11 kobolds
  8 rats
110 creatures vanquished.

Vanquished Creatures (collateral kills)
  Robin (D:2)
  2 gnolls
  3 goblins (D:2)
  A hobgoblin (D:2)
7 creatures vanquished.

Grand Total: 117 creatures vanquished

Notes
Turn   | Place    | Note
-------+----------+-------------------------------------------
     0 | D:1      | Lanoc the Octopode Transmuter began the quest for the Orb.
     0 | D:1      | Reached XP level 1. HP: 13/13 MP: 3/3
    77 | D:1      | Reached XP level 2. HP: 16/18 MP: 5/5
   232 | D:1      | Reached XP level 3. HP: 17/23 MP: 6/6
   439 | D:1      | Reached skill level 1 in Stealth
   655 | D:1      | Learned a level 2 spell: Sticks to Snakes
  1009 | D:2      | Reached XP level 4. HP: 16/28 MP: 2/7
  1377 | D:2      | Noticed Robin
  1416 | D:2      | Killed Robin
  1925 | D:2      | Reached XP level 5. HP: 11/34 MP: 4/8
  2383 | D:2      | Found a hide-covered altar of Uskayaw.
  2823 | D:2      | Learned a level 3 spell: Spider Form
  3117 | D:3      | You fall through a shaft for 2 floors!
  3117 | D:5      | Entered Level 5 of the Dungeon
  3250 | D:4      | Found Jabau's Weapon Shoppe.
  3749 | D:3      | Found a snail-covered altar of Cheibriados.
  3780 | D:3      | Reached XP level 6. HP: 39/39 MP: 8/10
  3806 | D:3      | Found a hazy altar of Hepliaklqana.
  4179 | D:4      | Found a bloodstained altar of Trog.
  4505 | D:4      | Found a staircase to the Ecumenical Temple.
  4539 | Temple   | Entered the Ecumenical Temple
  4767 | Temple   | Became a worshipper of Ru the Awakened
  4909 | D:4      | Reached XP level 7. HP: 39/46 MP: 4/11
  5550 | D:5      | HP: 1/46 [adder (2)]
  5550 | D:5      | Slain by a centaur

Skill      XL: |  1  2  3  4  5  6 |
---------------+-------------------+-----
Stealth        | 1 2 3 |  3.5
Transmutations | 3 4 |  4.5
Fighting       | 2 3 |  3.2
Unarmed Combat | 4 |  4.4
Dodging        | 3 |  3.3
Spellcasting   | 3 |  3.0

Action                   |  1- 3 |  4- 6 |  7- 9 || total
-------------------------+-------+-------+-------++-------
Melee: Unarmed           |    63 |   171 |    30 ||   264
       Tentacles         |    10 |    30 |     3 ||    43
       Constrict         |    15 |    39 |     5 ||    59
       Kick              |     3 |    44 |     6 ||    53
       Punch             |     1 |     4 |       ||     5
 Cast: Beastly Appendage |     4 |    34 |     4 ||    42
       Sticks to Snakes  |     1 |    23 |     1 ||    25
       Spider Form       |       |     2 |     1 ||     3
  Use: Scroll            |       |    12 |     1 ||    13
       Potion            |       |       |     1 ||     1
 Stab: Sleeping          |     6 |     7 |       ||    13
       Distracted        |       |     1 |       ||     1
  Eat: Chunk             |       |    10 |     2 ||    12
       Bread ration      |       |     1 |       ||     1
Armor: Skin              |     4 |    11 |     4 ||    19
Dodge: Dodged            |    31 |   128 |    20 ||   179
